TOP OF THE 1ST |
Spokane Indians batting - Pitching for Idaho Falls Chukars : LHP Tyler Abraham
|
Pitching: LHP Tyler Abraham
|
|
Batting: RHB Orlando Melchor
|
0-0: Called Strike 0-1: Ball 1-1: Ball 2-1: Ball 3-1: Foul Ball, location: 2F 3-2: Fly out, F8 (Flyball, 8RD, EV 101.9 MPH)
|
Batting: RHB Danny Odom
|
0-0: Swinging Strike 0-1: Foul Ball, location: 2F 0-2: Ball 1-2: Ball 2-2: Ball 3-2: Ground out 5-3 (Groundball, 56S, EV 88.1 MPH)
|
Batting: RHB Josh Whitmore
|
0-0: Ball 1-0: Ball 2-0: Called Strike 2-1: Foul Ball, location: 2F 2-2: Strikes out swinging
|
Top of the 1st over - 0 runs, 0 hits, 0 errors, 0 left on base; Spokane 0 - Idaho Falls 0 |
BOTTOM OF THE 1ST |
Idaho Falls Chukars batting - Pitching for Spokane Indians : RHP Dan Rohrbach
|
Pitching: RHP Dan Rohrbach
|
|
Batting: RHB Brett Steele
|
0-0: Ball 1-0: Foul Ball, location: 2F 1-1: Foul Ball, location: 2F 1-2: Foul Ball, location: 2F 1-2: Ball 2-2: Ball 3-2: Ground out 3-1 (Groundball, 34S, EV 83.1 MPH)
|
Batting: SHB Darius Vinson
|
0-0: Ball 1-0: Ball 2-0: Swinging Strike 2-1: Ball 3-1: Foul Ball, location: 2F 3-2: SINGLE (Line Drive, 7S, EV 94.4 MPH)
|
Batting: RHB Chang-keun Baik
|
0-0: Called Strike 0-1: Ball 1-1: Fielders Choice at 2nd, 5-4 (Groundball, 56, EV 106.9 MPH)
|
Batting: LHB Edgar Ortiz
|
0-0: Ball 1-0: Called Strike 1-1: Swinging Strike 1-2: Ball Wild Pitch! Chang-keun Baik to second 2-2: Ground out U3 (Groundball, 34, EV 80.0 MPH)
|
Bottom of the 1st over - 0 runs, 1 hit, 0 errors, 1 left on base; Spokane 0 - Idaho Falls 0 |
TOP OF THE 2ND |
Spokane Indians batting - Pitching for Idaho Falls Chukars : LHP Tyler Abraham
|
Batting: RHB Salvador Caldera
|
0-0: Ball 1-0: Called Strike 1-1: Ball 2-1: Swinging Strike 2-2: Ball 3-2: Foul Ball, location: 2F 3-2: Strikes out looking
|
Batting: RHB Jesse White
|
0-0: Called Strike 0-1: Called Strike 0-2: Ball 1-2: Strikes out swinging
|
Batting: RHB Aaron Graham
|
0-0: Ball 1-0: SINGLE (Flyball, 56D, EV 87.5 MPH)
|
Batting: RHB Jason Ostrom
|
0-0: Ball Aaron Graham is caught stealing 2nd base 2-4
|
Top of the 2nd over - 0 runs, 1 hit, 0 errors, 0 left on base; Spokane 0 - Idaho Falls 0 |
BOTTOM OF THE 2ND |
Idaho Falls Chukars batting - Pitching for Spokane Indians : RHP Dan Rohrbach
|
Batting: LHB Corey Lewis
|
0-0: Called Strike 0-1: Ball 1-1: Swinging Strike 1-2: Ball 2-2: Ball 3-2: Ground out 6-3 (Groundball, 6, EV 91.2 MPH)
|
Batting: RHB Vance Coen
|
0-0: Called Strike 0-1: Ball 1-1: Ball 2-1: Foul Ball, location: 2F 2-2: Ball 3-2: Strikes out swinging
|
Batting: SHB Danny Ballenger
|
0-0: Swinging Strike 0-1: Ball 1-1: Swinging Strike 1-2: Foul Ball, location: 2F 1-2: Foul Ball, location: 2F 1-2: Foul Ball, location: 2F 1-2: Ball 2-2: SINGLE (Groundball, 56D, EV 108.1 MPH) (infield hit)
|
Batting: RHB Adam Krieger
|
0-0: Ball 1-0: Foul Ball, location: 2F 1-1: Foul Ball, location: 2F 1-2: Ball 2-2: TRIPLE (Line Drive, 89XD, EV 113.8 MPH) Danny Ballenger scores
|
Batting: RHB Rogelio Losano
|
0-0: Hit by Pitch
|
Pinch Runner at 1st Rob Colley:
|
|
Batting: RHB Brett Steele
|
0-0: Foul Ball, location: 2F 0-1: Ball 1-1: Swinging Strike 1-2: Fly out, F8 (Flyball, 8RD, EV 86.9 MPH)
|
Bottom of the 2nd over - 1 run, 2 hits, 0 errors, 2 left on base; Spokane 0 - Idaho Falls 1 |
TOP OF THE 3RD |
Spokane Indians batting - Pitching for Idaho Falls Chukars : LHP Tyler Abraham
|
Now at 2B: Brett Steele
|
|
Now at SS: Rob Colley
|
|
Batting: RHB Jason Ostrom
|
0-0: Foul Ball, location: 2F 0-1: Called Strike 0-2: Foul Ball, location: 2F 0-2: Foul Ball, location: 2F 0-2: SINGLE (Line Drive, 34D, EV 97.5 MPH)
|
Batting: RHB Shoh Tanioka
|
0-0: Called Strike 0-1: Ball 1-1: Ball Jason Ostrom steals 2nd base 2-1: Fly out, F8 (Flyball, 8RM, EV 89.4 MPH)
|
Batting: RHB Luis Arce
|
0-0: Called Strike 0-1: Called Strike 0-2: Ball 1-2: Ground out 6-3 (Groundball, 6, EV 84.4 MPH) Jason Ostrom to third
|
Batting: RHB Orlando Melchor
|
0-0: Ball 1-0: Called Strike 1-1: Ball 2-1: Foul Ball, location: 2F 2-2: Ball 3-2: Ground out 5-3 (Groundball, 56, EV 88.8 MPH)
|
Top of the 3rd over - 0 runs, 1 hit, 0 errors, 1 left on base; Spokane 0 - Idaho Falls 1 |
BOTTOM OF THE 3RD |
Idaho Falls Chukars batting - Pitching for Spokane Indians : RHP Dan Rohrbach
|
Batting: SHB Darius Vinson
|
0-0: Ball 1-0: Called Strike 1-1: Foul Ball, location: 2F 1-2: Foul Ball, location: 2F 1-2: Strikes out swinging, 2-3 out at first.
|
Batting: RHB Chang-keun Baik
|
0-0: Foul Ball, location: 2F 0-1: Called Strike 0-2: Strikes out swinging
|
Batting: LHB Edgar Ortiz
|
0-0: Ball 1-0: Foul Ball, location: 2F 1-1: Foul Ball, location: 2F 1-2: Ball 2-2: Ball 3-2: Ground out 4-3 (Groundball, 4, EV 107.5 MPH)
|
Bottom of the 3rd over - 0 runs, 0 hits, 0 errors, 0 left on base; Spokane 0 - Idaho Falls 1 |
TOP OF THE 4TH |
Spokane Indians batting - Pitching for Idaho Falls Chukars : LHP Tyler Abraham
|
Batting: RHB Danny Odom
|
0-0: Called Strike 0-1: Foul Ball, location: 2F 0-2: Foul Ball, location: 2F 0-2: Ball 1-2: Ball 2-2: Strikes out swinging
|
Batting: RHB Josh Whitmore
|
0-0: Ball 1-0: Called Strike 1-1: Ground out 4-3 (Groundball, 4M, EV 91.2 MPH)
|
Batting: RHB Salvador Caldera
|
0-0: Swinging Strike 0-1: Called Strike 0-2: Ball 1-2: Strikes out looking
|
Top of the 4th over - 0 runs, 0 hits, 0 errors, 0 left on base; Spokane 0 - Idaho Falls 1 |
BOTTOM OF THE 4TH |
Idaho Falls Chukars batting - Pitching for Spokane Indians : RHP Dan Rohrbach
|
Batting: LHB Corey Lewis
|
0-0: Swinging Strike 0-1: Foul Ball, location: 2F 0-2: Ball 1-2: Foul Ball, location: 2F 1-2: Foul Ball, location: 2F 1-2: Strikes out swinging
|
Batting: RHB Vance Coen
|
0-0: Called Strike 0-1: Foul Ball, location: 2F 0-2: Ball 1-2: Strikes out looking
|
Batting: SHB Danny Ballenger
|
0-0: Ball 1-0: Ball 2-0: Called Strike 2-1: Swinging Strike 2-2: Foul Ball, location: 2F 2-2: Ball 3-2: SINGLE (Groundball, 34D, EV 100.0 MPH)
|
Batting: RHB Adam Krieger
|
0-0: Called Strike 0-1: Ball 1-1: Ball 2-1: Foul Ball, location: 2F 2-2: Foul Ball, location: 2F 2-2: Foul Ball, location: 2F 2-2: Ball 3-2: Base on Balls Danny Ballenger to second
|
Pitching: RHP Chris Lincecum II
|
|
Batting: RHB Rob Colley
|
0-0: Ball 1-0: Fly out, F6 (Line Drive, 6M, EV 65.0 MPH)
|
Bottom of the 4th over - 0 runs, 1 hit, 0 errors, 2 left on base; Spokane 0 - Idaho Falls 1 |
TOP OF THE 5TH |
Spokane Indians batting - Pitching for Idaho Falls Chukars : LHP Tyler Abraham
|
Batting: RHB Jesse White
|
0-0: Ball 1-0: Called Strike 1-1: Swinging Strike 1-2: Ball 2-2: Foul Ball, location: 2F 2-2: Ball 3-2: Single, Error in OF, E9, batter to second base (Groundball, 34D, EV 103.1 MPH)
|
Batting: RHB Aaron Graham
|
0-0: Ball 1-0: Foul Ball, location: 2F 1-1: Called Strike 1-2: Ball 2-2: Foul Ball, location: 2F 2-2: Fly out, F8 (Line Drive, 8RD, EV 86.9 MPH)
|
Pitching: RHP Greg Sell
|
|
Pinch Hitting: LHB Nick Foutz
|
0-0: Called Strike 0-1: Swinging Strike 0-2: Strikes out looking
|
Pinch Hitting: LHB Sean Gingrich
|
0-0: SINGLE (Groundball, 4MD, EV 105.0 MPH) Jesse White to third Runner from 3rd tries for Home, SAFE, throw by CF to home Sean Gingrich to second
|
Pinch Hitting: SHB Kaname Fujimoto
|
0-0: 2-RUN HOME RUN (Line Drive, 78XD, EV 108.8 MPH), Distance : 405 ft
|
Batting: RHB Orlando Melchor
|
0-0: Ball 1-0: Called Strike 1-1: Ball 2-1: Ball 3-1: Base on Balls
|
Batting: RHB Danny Odom
|
0-0: Called Strike Orlando Melchor steals 2nd base 0-1: Called Strike 0-2: Strikes out swinging
|
Top of the 5th over - 3 runs, 3 hits, 1 error, 1 left on base; Spokane 3 - Idaho Falls 1 |
BOTTOM OF THE 5TH |
Idaho Falls Chukars batting - Pitching for Spokane Indians : RHP Chris Lincecum II
|
Now at 3B: Justin Aslinger
|
|
Now at SS: Dave Brabo
|
|
Now in RF: Theo van Gent
|
|
Batting: RHB Brett Steele
|
0-0: Swinging Strike 0-1: Called Strike 0-2: SINGLE (Groundball, 6MS, EV 65.0 MPH) (infield hit)
|
Batting: SHB Darius Vinson
|
0-0: Foul Ball, location: 2F 0-1: Grounds into double play, 4-6-3 (Groundball, 4, EV 84.4 MPH)
|
Batting: RHB Chang-keun Baik
|
0-0: Foul Ball, location: 2F 0-1: Swinging Strike 0-2: Hit by Pitch
|
Batting: LHB Edgar Ortiz
|
0-0: Called Strike 0-1: Ball 1-1: Ground out 4-3 (Groundball, 4, EV 90.6 MPH)
|
Bottom of the 5th over - 0 runs, 1 hit, 0 errors, 1 left on base; Spokane 3 - Idaho Falls 1 |
TOP OF THE 6TH |
Spokane Indians batting - Pitching for Idaho Falls Chukars : RHP Greg Sell
|
Batting: RHB Josh Whitmore
|
0-0: Called Strike 0-1: Ball 1-1: Foul Ball, location: 2F 1-2: Hit by Pitch
|
Batting: RHB Salvador Caldera
|
0-0: Called Strike 0-1: Ball Josh Whitmore is caught stealing 2nd base 2-4 1-1: Foul Ball, location: 2F 1-2: Foul Ball, location: 2F 1-2: Fly out, F6 (Line Drive, 56D, EV 68.8 MPH)
|
Pitching: RHP Bryan Kiefer
|
|
Batting: RHB Jesse White
|
0-0: Called Strike 0-1: Swinging Strike 0-2: Ball 1-2: Ball 2-2: Foul Ball, location: 2F 2-2: Ground out 5-3 (Groundball, 56, EV 105.6 MPH)
|
Top of the 6th over - 0 runs, 0 hits, 0 errors, 0 left on base; Spokane 3 - Idaho Falls 1 |
BOTTOM OF THE 6TH |
Idaho Falls Chukars batting - Pitching for Spokane Indians : RHP Chris Lincecum II
|
Batting: LHB Corey Lewis
|
0-0: Ball 1-0: Ball 2-0: Ground out 4-3 (Groundball, 4, EV 91.9 MPH)
|
Batting: RHB Vance Coen
|
0-0: Ball 1-0: Ball 2-0: Called Strike 2-1: Foul Ball, location: 2F 2-2: SINGLE (Groundball, 4MD, EV 101.9 MPH)
|
Batting: SHB Danny Ballenger
|
0-0: Ball 1-0: Ball Wild Pitch! Vance Coen to second 2-0: Foul Ball, location: 2F 2-1: Swinging Strike 2-2: SINGLE (Line Drive, 7LS, EV 100.6 MPH) Vance Coen to third Runner from 3rd tries for Home, SAFE, throw by LF to home Danny Ballenger to second
|
Batting: RHB Adam Krieger
|
0-0: Ground out 5-3 (Groundball, 56, EV 90.0 MPH)
|
Batting: RHB Rob Colley
|
0-0: DOUBLE (Groundball, 3L, EV 105.0 MPH) Danny Ballenger scores
|
Batting: RHB Brett Steele
|
0-0: Swinging Strike 0-1: Ground out U3 (Groundball, 34, EV 87.5 MPH)
|
Bottom of the 6th over - 2 runs, 3 hits, 0 errors, 1 left on base; Spokane 3 - Idaho Falls 3 |
TOP OF THE 7TH |
Spokane Indians batting - Pitching for Idaho Falls Chukars : RHP Bryan Kiefer
|
Pinch Hitting: LHB Helge Jivotovsky
|
0-0: Ball 1-0: Ball 2-0: Ball 3-0: Called Strike 3-1: Ground out 1-3 (Groundball, 15S, EV 60.6 MPH)
|
Pinch Hitting: LHB Caleb Domino
|
0-0: Ball 1-0: Ball 2-0: Called Strike 2-1: Ball 3-1: SOLO HOME RUN (Flyball, 9LD, EV 96.9 MPH), Distance : 355 ft
|
Pinch Hitting: SHB Devin Hottenstein
|
0-0: Called Strike 0-1: Foul Ball, location: 2F 0-2: Foul Ball, location: 2F 0-2: Strikes out looking
|
Pitching: LHP Shinkichi Kawase
|
|
Batting: RHB Dave Brabo
|
0-0: Foul Ball, location: 2F 0-1: Foul Ball, location: 2F 0-2: Ball 1-2: Foul Ball, location: 2F 1-2: SINGLE (Groundball, 3D, EV 99.4 MPH)
|
Batting: RHB Orlando Melchor
|
0-0: Ball Dave Brabo steals 2nd base 1-0: Swinging Strike 1-1: Ground out 6-3 (Groundball, 6, EV 103.1 MPH)
|
Top of the 7th over - 1 run, 2 hits, 0 errors, 1 left on base; Spokane 4 - Idaho Falls 3 |
BOTTOM OF THE 7TH |
Idaho Falls Chukars batting - Pitching for Spokane Indians : RHP Chris Lincecum II
|
Now at 2B: Darnell Jones
|
|
Now at 3B: Brace Harper
|
|
Now in RF: Caleb Domino
|
|
Batting: SHB Darius Vinson
|
0-0: Ball 1-0: Ball 2-0: Ball 3-0: Called Strike 3-1: Foul Ball, location: 2F 3-2: Base on Balls
|
Batting: RHB Chang-keun Baik
|
0-0: Called Strike 0-1: Called Strike 0-2: Strikes out looking
|
Batting: LHB Edgar Ortiz
|
0-0: Called Strike 0-1: Ball 1-1: Ball 2-1: Called Strike Darius Vinson steals 2nd base 2-2: Ball 3-2: Strikes out swinging
|
Batting: LHB Corey Lewis
|
0-0: Swinging Strike 0-1: Foul Ball, location: 2F 0-2: Foul Ball, location: 2F 0-2: Ball 1-2: DOUBLE (Groundball, 3L, EV 106.2 MPH) Darius Vinson scores
|
Pitching: LHP Jamie Tanner
|
|
Batting: RHB Vance Coen
|
0-0: Ball 1-0: Ball 2-0: Foul Ball, location: 2F 2-1: Foul Ball, location: 2F 2-2: Strikes out looking
|
Bottom of the 7th over - 1 run, 1 hit, 0 errors, 1 left on base; Spokane 4 - Idaho Falls 4 |
TOP OF THE 8TH |
Spokane Indians batting - Pitching for Idaho Falls Chukars : LHP Shinkichi Kawase
|
Batting: RHB Danny Odom
|
0-0: Ball 1-0: Foul Ball, location: 2F 1-1: Ball 2-1: Foul Ball, location: 2F 2-2: Foul Ball, location: 2F 2-2: Foul Ball, location: 2F 2-2: Ground out 5-3 (Groundball, 56S, EV 73.1 MPH)
|
Pitching: RHP Tony Jimenez
|
|
Batting: LHB Gabriel Graves
|
0-0: Ball 1-0: Ball 2-0: Ball 3-0: Base on Balls
|
Batting: RHB Salvador Caldera
|
0-0: DOUBLE (Line Drive, 8LXD, EV 104.4 MPH) Gabriel Graves to third
|
Batting: RHB Jesse White
|
0-0: Ground out 4-3 (Groundball, 4, EV 89.4 MPH)
|
Batting: RHB Darnell Jones
|
0-0: Ball 1-0: Ball 2-0: Called Strike 2-1: Foul Ball, location: 2F 2-2: Ball 3-2: Foul Ball, location: 2F 3-2: SINGLE (Line Drive, 34D, EV 103.8 MPH) Gabriel Graves scores Salvador Caldera to third Runner from 3rd tries for Home, SAFE, throw by RF to home Darnell Jones to second
|
Batting: LHB Caleb Domino
|
0-0: Ball 1-0: Called Strike 1-1: Foul Ball, location: 2F 1-2: Ball 2-2: Ball 3-2: Fly out, F4 (Flyball, 3D, EV 84.4 MPH)
|
Top of the 8th over - 2 runs, 2 hits, 0 errors, 1 left on base; Spokane 6 - Idaho Falls 4 |
BOTTOM OF THE 8TH |
Idaho Falls Chukars batting - Pitching for Spokane Indians : LHP Jamie Tanner
|
Now at 1B: Herb Craig
|
|
Batting: SHB Danny Ballenger
|
0-0: Foul Ball, location: 2F 0-1: Ball 1-1: Swinging Strike 1-2: Foul Ball, location: 2F 1-2: DOUBLE (Line Drive, 7LM, EV 110.0 MPH)
|
Batting: RHB Adam Krieger
|
0-0: Ball 1-0: Fly out, F8 (Flyball, 8RD, EV 89.4 MPH)
|
Batting: RHB Rob Colley
|
0-0: Swinging Strike 0-1: Ball 1-1: Foul Ball, location: 2F 1-2: Foul Ball, location: 2F 1-2: Ball 2-2: Foul Ball, location: 2F 2-2: Ground out 4-3 (Groundball, 4, EV 93.8 MPH) Danny Ballenger to third
|
Batting: RHB Brett Steele
|
0-0: Called Strike 0-1: Ball 1-1: Ground out 6-3 (Groundball, 6, EV 87.5 MPH)
|
Bottom of the 8th over - 0 runs, 1 hit, 0 errors, 1 left on base; Spokane 6 - Idaho Falls 4 |
TOP OF THE 9TH |
Spokane Indians batting - Pitching for Idaho Falls Chukars : RHP Tony Jimenez
|
Pitching: RHP Joe Adelmann
|
|
Batting: SHB Brace Harper
|
0-0: Ball 1-0: DOUBLE (Flyball, 8LXD, EV 91.9 MPH)
|
Batting: RHB Dave Brabo
|
0-0: Called Strike 0-1: Foul Ball, location: 2F 0-2: Strikes out looking
|
Batting: RHB Orlando Melchor
|
0-0: Ball 1-0: Ball 2-0: Ball Brace Harper steals 3rd base 3-0: Called Strike 3-1: Base on Balls
|
Batting: RHB Danny Odom
|
0-0: Ball Orlando Melchor steals 2nd, throwing error, E2 Brace Harper scores Orlando Melchor to third 1-0: Foul Ball, location: 2F 1-1: Called Strike 1-2: Fly out, F8 (Flyball, 8RXD, EV 97.5 MPH) Runner from 3rd tags up, SCORES, no throw by CF
|
Batting: LHB Gabriel Graves
|
0-0: Ball 1-0: Ball 2-0: Ball 3-0: Base on Balls
|
Pitching: RHP Rich Frontczak
|
|
Batting: RHB Salvador Caldera
|
0-0: Ball 1-0: Called Strike 1-1: Reached on error, E2 (Groundball, 2L, EV 61.2 MPH) Gabriel Graves to second
|
Batting: RHB Herb Craig
|
0-0: Swinging Strike 0-1: Ball 1-1: Ball 2-1: Ball 3-1: Base on Balls Gabriel Graves to third Salvador Caldera to second
|
Batting: RHB Darnell Jones
|
0-0: Fielders Choice at 2nd, 5-4 (Groundball, 56, EV 81.9 MPH)
|
Top of the 9th over - 2 runs, 1 hit, 2 errors, 3 left on base; Spokane 8 - Idaho Falls 4 |
BOTTOM OF THE 9TH |
Idaho Falls Chukars batting - Pitching for Spokane Indians : LHP Jamie Tanner
|
Batting: SHB Darius Vinson
|
0-0: Swinging Strike 0-1: Called Strike 0-2: Strikes out swinging
|
Batting: RHB Chang-keun Baik
|
0-0: DOUBLE (Groundball, 5L, EV 101.2 MPH)
|
Batting: LHB Edgar Ortiz
|
0-0: Ground out 4-3 (Groundball, 4MS, EV 66.2 MPH) Chang-keun Baik to third
|
Batting: LHB Corey Lewis
|
0-0: Ball 1-0: Foul Ball, location: 2F 1-1: Swinging Strike 1-2: Ball 2-2: Strikes out looking
|
Bottom of the 9th over - 0 runs, 1 hit, 0 errors, 1 left on base; Spokane 8 - Idaho Falls 4 |
|